 Dungeon Crawl Stone Soup version 0.27.1-2-g3b301248ec (webtiles) character file.

Game seed: 16268205273537144679

1722 Descartes the Ruffian (level 8, -5/74 HPs)
             Began as a Troll Monk on Oct 5, 2021.
             Slain by a two-headed ogre (19 damage)
             ... on level 5 of the Dungeon.
             The game lasted 00:07:17 (3325 turns).

Descartes the Ruffian (Troll Monk)                  Turns: 3325, Time: 00:07:17

Health: -5/74      AC:  5    Str: 20    XL:     8   Next: 75%
Magic:  7/7        EV: 11    Int:  8    God:
Gold:   191        SH:  0    Dex: 12    Spells: 1/7 levels left

rFire    . . .     SeeInvis .     - Unarmed
rCold    . . .     Faith    .   (no shield)
rNeg     . . .     Spirit   .   a - +0 robe
rPois    .         Reflect  .   (helmet restricted)
rElec    .         Harm     .   z - +0 cloak
rCorr    +         Rampage  .   (gloves unavailable)
Will     .....                  (boots unavailable)
Stlth    ++........             (no amulet)
HPRegen  1.22/turn              x - ring of resist corrosion
MPRegen  0.10/turn              (no ring)

@: studying Armour
A: large, unfitting armour, claws 3, regeneration 1, shaggy fur 1, tough skin 1
a: no special abilities


You were on level 5 of the Dungeon.
You visited 1 branch of the dungeon, and saw 5 of its levels.
You also visited: Ossuary.

You collected 191 gold pieces.

Inventory:

Hand Weapons
 k - a +0 double sword
 w - a +0 giant club
 y - a +3 quarterstaff of chaos
Missiles
 g - 167 stones (quivered)
 j - 21 poisoned darts
 A - a throwing net
Armour
 a - a +0 robe (worn)
 z - a +0 cloak (worn)
Jewellery
 b - a ring of ice
 x - a ring of resist corrosion (left claw)
Wands
 q - a wand of polymorph (4)
Scrolls
 c - 4 scrolls of vulnerability
 f - a scroll of noise
 h - a scroll of blinking
 l - a scroll of magic mapping
 m - 2 scrolls of torment
 n - 2 scrolls of teleportation
 p - a scroll of brand weapon
 v - a scroll of enchant weapon {unknown}
Potions
 d - a potion of berserk rage {unknown}
 e - a potion of flight {unknown}
 i - 2 potions of degeneration {unknown}
 o - 2 potions of cancellation {unknown}
 r - 2 potions of heal wounds {unknown}
 s - 2 potions of invisibility {unknown}
 t - 3 potions of curing {unknown}
 u - 2 potions of haste {unknown}


   Skills:
 - Level 2.4 Fighting
 + Level 4.5 Throwing
 + Level 4.1 Armour
 + Level 4.8 Dodging
 - Level 1.0 Stealth
 + Level 5.9 Unarmed Combat
 + Level 3.7 Transmutations
 + Level 1.2 Earth Magic
 + Level 1.3 Evocations


You had one spell level left.
You knew the following spells:

 Your Spells              Type           Power      Damage    Failure   Level
a - Statue Form           Tmut/Erth      2%         N/A       100%        6

Your spell library contained the following spells:

 Spells                   Type           Power      Damage    Failure   Level
 Summon Small Mammal      Summ           0%         N/A       41%         1
 Call Canine Familiar     Summ           0%         N/A       78%         3
 Summon Guardian Golem    Hex/Summ       0%         N/A       78%         3
 Petrify                  Tmut/Erth      3%         N/A       85%         4
 Metabolic Englaciation   Hex/Ice        0%         N/A       100%        5


Dungeon Overview and Level Annotations

Branches:
Dungeon (5/15)            Ossuary (visited)
 Temple: D:4-7

Altars:
Makhleb
Sif Muna
Zin

Shops:
D:5 (


Innate Abilities, Weirdness & Mutations

You are too large for most types of armour.
You have claws for hands.
Your natural rate of healing is unusually fast.
You are covered in fur. (AC +1)
You have tough skin. (AC +1)


Message History

Found a smoky grey potion.
A two-headed ogre comes into view.
It is wielding a +0 giant club and a +0 giant spiked club.
You see here a smoky grey potion.
The two-headed ogre hits you with a +0 giant club!!
The two-headed ogre completely misses you.
You scratch the two-headed ogre.
The two-headed ogre is lightly wounded.
The two-headed ogre hits you with a +0 giant club!
The two-headed ogre hits you with a +0 giant spiked club!!
* * * LOW HITPOINT WARNING * * *
You are too injured to fight recklessly!
You are too injured to fight recklessly!
You are too injured to fight recklessly!
You are too injured to fight recklessly!
You are too injured to fight recklessly!
You are too injured to fight recklessly!
You are too injured to fight recklessly!
You are too injured to fight recklessly!
You are too injured to fight recklessly!
You are too injured to fight recklessly!
You are too injured to fight recklessly!
You barely miss the two-headed ogre.
The two-headed ogre is lightly wounded.
You see here a smoky grey potion.
You claw the two-headed ogre!
The two-headed ogre is lightly wounded.
The two-headed ogre barely misses you.
The two-headed ogre hits you with a +0 giant spiked club!!
You barely miss the two-headed ogre.
The two-headed ogre is lightly wounded.
The two-headed ogre barely misses you.
The two-headed ogre hits you with a +0 giant spiked club!!
You claw the two-headed ogre!
The two-headed ogre is moderately wounded.
You scratch the two-headed ogre.
The two-headed ogre is moderately wounded.
The two-headed ogre hits you with a +0 giant club!
* * * LOW HITPOINT WARNING * * *
The two-headed ogre hits you with a +0 giant spiked club!!
You die...

#### #.############## #...
..###.....###
#..###...#.......###
#..#<#...#.#.......## #
#..#.....#.####.....##
#.###..###..##.# ###....##
.......#.......# ###...##
###...#.####### ##...##
#.........O@..# ##....
#.#.####.####.# ##...
#.#............# ##..
#.#####.#####.## ### #.# #.#
#.# # #.# #.# #.######## ###
#.# #.# #.##.....# #.#
#.#####.#####.#####.######.#
#.#.........................


You could see a two-headed ogre.

Vanquished Creatures
  Sigmund (D:3)
  An ice beast (D:5)
  A black bear (D:5)
  2 necrophages (D:4)
  An ogre (D:4)
  A centaur (D:5)
  A phantom (D:4)
  An elf zombie (Ossuary)
  A bullfrog (D:5)
  2 scorpions
  A water moccasin zombie (D:5)
  A jelly (D:4)
  2 human zombies (Ossuary)
  Crazy Yiuf (D:4)
  4 hounds
  3 iguanas
  A bullfrog skeleton (D:4)
  Terence (D:3)
  2 hound zombies
  5 mummies
  9 adders
  An adder zombie (Ossuary)
  6 worms
  4 dart slugs (D:1)
  3 orcs
  6 ball pythons
  7 endoplasms
  4 giant cockroaches
  A gnoll zombie (Ossuary)
  3 goblins
  6 hobgoblins
  3 jackals (D:1)
  8 kobolds
  3 quokkas
  3 bats
  5 frilled lizards
  3 goblin zombies (Ossuary)
  3 kobold zombies
  2 orc zombies
  3 rats
116 creatures vanquished.

Notes
Turn   | Place    | Note
-------+----------+-------------------------------------------
     0 | D:1      | Descartes the Troll Monk began the quest for the Orb.
     0 | D:1      | Reached XP level 1. HP: 22/22 MP: 0/0
    88 | D:1      | Reached XP level 2. HP: 29/29 MP: 1/1
   218 | D:1      | Reached skill level 1 in Throwing
   253 | D:1      | Found a faded altar of an unknown god.
   475 | D:1      | Reached XP level 3. HP: 36/36 MP: 2/2
   543 | D:2      | Reached skill level 1 in Transmutations
   601 | D:2      | Found a shimmering blue altar of Sif Muna.
   818 | D:2      | Reached XP level 4. HP: 44/44 MP: 3/3
   980 | D:3      | Noticed a scorpion
   989 | D:3      | Killed a scorpion
  1065 | D:3      | Reached XP level 5. HP: 45/50 MP: 4/4
  1078 | D:3      | Noticed Sigmund
  1093 | D:3      | Killed Sigmund
  1094 | D:3      | Reached skill level 4 in Unarmed Combat
  1094 | D:3      | Reached XP level 6. HP: 10/59 MP: 5/5
  1344 | D:3      | Noticed Terence
  1357 | D:3      | Killed Terence
  1422 | D:3      | Found a burning altar of Makhleb.
  1422 | D:3      | Noticed a green death
  1425 | D:3      | Noticed a neqoxec
  1425 | D:3      | Noticed a neqoxec
  1548 | D:4      | Identified a scroll of acquirement
  1548 | D:4      | Acquired a manual of Armour
  1615 | D:4      | Found a sand-covered staircase.
  1624 | Ossuary  | Entered an ossuary
  1684 | Ossuary  | Reached XP level 7. HP: 55/66 MP: 6/6
  1694 | Ossuary  | Reached skill level 1 in Armour
  1947 | D:4      | Reached skill level 5 in Unarmed Combat
  2322 | D:4      | Found a glowing silver altar of Zin.
  2342 | D:4      | Reached XP level 8. HP: 69/74 MP: 7/7
  2554 | D:4      | Found a runed translucent door.
  2555 | D:4      | Noticed Crazy Yiuf
  2742 | D:4      | Killed Crazy Yiuf
  2809 | D:5      | Entered Level 5 of the Dungeon
  2809 | D:5      | Found Mef Maguh's Weapon Shoppe.
  2999 | D:5      | Learned a level 6 spell: Statue Form
  3021 | D:5      | Reached skill level 1 in Evocations
  3172 | D:5      | Reached skill level 1 in Earth Magic
  3272 | D:5      | Noticed a two-headed ogre
  3325 | D:5      | Slain by a two-headed ogre

Illustrated notes

Levels and vault maps discovered:
D:1:      ebering_hopf_link, layout_basic, dreamdust_ecumenical_altar_grove
D:2:      layout_basic, basic_altar, nrook_campfire, grunt_decor_cap
D:3:      layout_rooms, makhleb_altar_promises_db, uniq_terence, uniq_sigmund
D:4:      layout_loops_ring, zin_statuary, nicolae_ossuary_entry_giza,
          uniq_crazy_yiuf_cottage
D:5:      layout_basic, serial_curves, eino_curves_01, eino_curves_04,
          eino_curves_03, eino_curves_02, serial_shops, nicolae_stop_n_shop_2,
          st_stairs_13

Skill      XL: |  1  2  3  4  5  6  7  8 |
---------------+-------------------------+-----
Throwing       | 1 2 3 4 |  4.5
Transmutations | 1 2 3 |  3.7
Dodging        | 3 4 |  4.8
Unarmed Combat | 4 5 |  5.9
Armour         | 3 4 |  4.1
Evocations     | 1 |  1.3
Earth Magic    | 1 |  1.2
Fighting       | |  2.4
Stealth        | |  1.0

Action                   |  1- 3 |  4- 6 |  7- 9 || total
-------------------------+-------+-------+-------++-------
Melee: Unarmed           |    89 |   134 |   154 ||   377
       Punch             |       |     5 |     7 ||    12
  Use: Scroll            |       |     7 |     2 ||     9
 Stab: Sleeping          |     3 |     2 |     5 ||    10
Armor: Robe              |    25 |    72 |    38 ||   135
Dodge: Dodged            |    46 |    81 |    64 ||   191
